Map: King Sejong Station LE

Players

hYung - Winner!

  • Race: Terran Terran

Duck

  • Race: Terran Terran
  • League: Platinum

VOD

Have the link to the VOD?

Description

Time

  • Played on: Sept. 6, 2016, 12:24 a.m.
  • Length: 6:37
Show
View Real Time Build Order
Export as new Build Order

hYung Terran - Winner!

Build Orders: Reaper Expand 

Get SALT Encoding   

  12  0:00  SCV  
  13  0:13  SCV  
  14  0:17  Supply Depot  
  14  0:28  SCV  
  15  0:40  Barracks, SCV  
  16  0:44  Refinery  
  16  0:53  SCV  
  17  1:05  SCV  
  18  1:18  SCV  
  19  1:30  Orbital Command  
  19  1:31  Reaper  
  20  1:42  Command Center  
  20  1:57  Supply Depot  
  20  2:01  SCV  
  21  2:06  Marine  
  22  2:13  Factory  
  22  2:19  SCV  
  23  2:24  Refinery, Marine  
  24  2:42  Marine  
  25  2:48  SCV  
  26  2:59  Hellion  
  26  3:00  Starport  
  26  3:01  Marine  
  26  3:02  Orbital Command  
  30  3:05  SCV  
  30  3:17  SCV  
  30  3:20  Factory Tech Lab, Marine  
  31  3:29  SCV x2  
  33  3:37  Medivac  
  33  3:39  Siege Tank  
  33  3:41  SCV  
  39  3:42  SCV  
  39  3:43  Supply Depot, Marine  
  41  3:58  SCV  
  41  3:59  SCV  
  43  4:05  Barracks  
  43  4:07  Barracks  
  43  4:11  Barracks Tech Lab  
  43  4:13  Siege Tank, Starport Reactor  
  43  4:15  SCV x2  
  48  4:27  SCV x2, Supply Depot  
  48  4:28  Engineering Bay  
  48  4:30  Refinery x2  
  50  4:40  Marine  
  50  4:42  SCV  
  50  4:43  SCV  
  53  5:04  Barracks Reactor x2, Marine  
  53  5:06  SCV x2  
  53  5:07  Siege Tank, Barracks  
  56  5:09  Barracks  
  59  5:15  Supply Depot  
  59  5:22  Marine  
  59  5:25  SCV  
  59  5:26  SCV  
  60  5:33  Medivac  
  60  5:34  Supply Depot  
  62  5:36  Medivac  
  62  5:40  Marine  
  65  5:45  Siege Tank  
  65  5:47  SCV x2  
  65  5:49  Missile Turret x2  
  70  5:55  Marine x4  
  74  5:57  Marine  
  74  5:58  Supply Depot  
  74  5:59  Marine  
  74  6:00  SCV x2  
  78  6:19  Barracks Reactor  
  78  6:23  Supply Depot  
  78  6:24  Barracks Reactor, Supply Depot  
Show
View Real Time Build Order
Export as new Build Order

Duck Terran 

Build Orders: Reaper Expand 

Get SALT Encoding   

  12  0:01  SCV  
  13  0:13  SCV  
  14  0:17  Supply Depot  
  14  0:25  SCV  
  15  0:39  SCV  
  15  0:42  Barracks  
  16  0:50  Refinery  
  16  0:53  SCV  
  17  1:05  SCV  
  18  1:17  SCV  
  19  1:30  Orbital Command  
  19  1:33  Reaper  
  20  1:47  Command Center  
  20  2:00  Barracks, SCV  
  21  2:09  Supply Depot  
  21  2:10  Barracks Reactor  
  20  2:19  SCV  
  21  2:22  Refinery  
  21  2:31  SCV  
  21  2:51  Barracks Reactor  
  20  2:52  Barracks Tech Lab  
  20  2:55  Factory  
  19  2:59  Marine x2  
  19  3:04  SCV  
  21  3:06  Orbital Command  
  19  3:19  Marine x2  
  19  3:22  Stimpack, Marine  
  19  3:25  SCV  
  21  3:35  SCV  
  21  3:37  SCV, Marine  
  24  3:47  SCV  
  25  3:50  SCV  
  25  3:54  Starport  
  26  3:57  Marine  
  26  3:59  SCV, Marine  
  29  4:05  SCV  
  30  4:11  SCV, Marine  
  30  4:15  Factory Tech Lab  
  32  4:17  SCV  
  32  4:19  Marine x2  
  35  4:26  SCV  
  35  4:28  Marine  
  35  4:29  SCV  
  38  4:38  SCV  
  39  4:41  SCV  
  39  4:42  Supply Depot, Marine x2  
  42  4:46  Banshee  
  41  5:02  Marine x3  
  41  5:04  Factory Tech Lab  
  39  5:07  SCV x2  
  40  5:19  SCV  
  40  5:20  Marine x3  
Tags
 
Add a new tag
Caveats
  • Supply blocks, unpowered buildings, or Contaminate may cause inaccurate times.
  • Supply counts are checked every 10 seconds.